 Dungeon Crawl Stone Soup version 0.24-b1 (webtiles) character file.

Game seed: 15335245418576532209, levelgen mode: deterministic

37313 Peloso the Carver (level 13, -2/122 HPs)
             Began as a Minotaur Fighter on Oct 12, 2019.
             Was the Champion of Okawaru.
             Slain by a seven-headed hydra simulacrum (12 damage)
             ... on level 5 of the Lair of Beasts.
             The game lasted 00:34:34 (14378 turns).

Peloso the Carver (Minotaur Fighter)               Turns: 14378, Time: 00:34:35

Health: -2/122     AC: 27    Str: 30    XL:     13   Next: 57%
Magic:  0/12       EV: 15    Int:  5    God:    Okawaru [******]
Gold:   1468       SH: 16    Dex: 17    Spells: 12/12 levels left

rFire    . . .     SeeInvis .   a - +3 scimitar (flame)
rCold    . . .     Gourm    .   c - +0 shield
rNeg     . . .     Faith    .   B - +4 plate armour {rPois}
rPois    +         Spirit   +   (helmet restricted)
rElec    .         Reflect  .   E - scarf {cloud immunity}
rCorr    .         Harm     .   G - +2 pair of gloves {Dex+3}
MR       .....                  w - +0 pair of boots
Stlth    ..........             q - amulet of guardian spirit
HPRegen  0.30/turn              D - +4 ring of slaying
MPRegen  0.13/turn              t - +3 ring of dexterity

@: mighty, heroism
A: retaliatory headbutt, horns 2
a: Heroism, Finesse, Renounce Religion


You were on level 5 of the Lair of Beasts.
You worshipped Okawaru.
Okawaru was exalted by your worship.
You were not hungry.

You visited 3 branches of the dungeon, and saw 17 of its levels.
You also visited: Ossuary and Bailey.

You collected 1468 gold pieces.

Inventory:

Hand Weapons
 a - a +3 scimitar of flaming (weapon)
 b - the +7 captain's cutlass {speed, disarm}
   (You found it on level 6 of the Dungeon)

   Attacks with this weapon are significantly faster.
 y - the +4 short sword "Yhyffifonk" {drain, rElec SInv}
   (Okawaru gifted it to you on level 4 of the Lair of Beasts)

   A truly terrible weapon, it drains the life of those it strikes.
   It insulates you from electricity.
   It lets you see invisible.
Armour
 c - a +0 shield (worn)
 w - a +0 pair of boots (worn)
 B - a +4 plate armour of poison resistance (worn)
 C - a +2 scale mail of magic resistance
 E - a scarf of cloud immunity (worn)
 G - a +2 pair of gloves of dexterity (worn)
Jewellery
 q - an amulet of guardian spirit (around neck)
 t - a +3 ring of dexterity (right hand)
 v - an uncursed ring of see invisible
 D - a +4 ring of slaying (left hand)
Wands
 j - a wand of flame (24)
 m - a wand of paralysis (6)
 p - a wand of acid (9)
Scrolls
 e - 15 scrolls of remove curse
 g - 13 scrolls of teleportation
 i - 3 scrolls of fear
 l - 8 scrolls of identify
 n - a scroll of brand weapon
 o - 2 scrolls of amnesia
 x - 4 scrolls of fog
 A - a scroll of blinking
 K - a scroll of magic mapping
Potions
 d - 4 potions of might
 h - 2 potions of heal wounds
 k - 10 potions of curing
 r - 3 potions of haste
 u - 2 potions of berserk rage
Comestibles
 f - 34 rations


   Skills:
 + Level 13.2(18.2) Fighting
 + Level 9.3(17.4) Short Blades
 + Level 14.2(20.3) Long Blades
 + Level 12.2(17.2) Armour
 + Level 4.9(9.9) Dodging
 + Level 1.4(6.4) Stealth
 + Level 13.3(18.3) Shields
 + Level 0.2 Invocations
 + Level 0.3 Evocations


You had 12 spell levels left.
You didn't know any spells.
Your spell library contained the following spells:

 Spells                   Type           Power        Failure   Level  Hunger
 Animate Skeleton         Necr           N/A          94%         1    ##.....
 Apportation              Tloc           #.....       94%         1    ##.....
 Infusion                 Chrm           #...         94%         1    ##.....
 Pain                     Necr           #...         94%         1    ##.....
 Sting                    Conj/Pois      #...         94%         1    ##.....
 Summon Butterflies       Summ           #.......     94%         1    ##.....
 Ensorcelled Hibernation  Hex/Ice        #.....       98%         2    ###....
 Poisonous Vapours        Pois/Air       #.....       98%         2    ###....
 Shroud of Golubria       Chrm/Tloc      #.....       98%         2    ###....
 Song of Slaying          Chrm           #.......     98%         2    ###....
 Lesser Beckoning         Tloc           #.........   100%        3    ####...
 Mephitic Cloud           Conj/Pois/Air  #.......     100%        3    ####...
 Regeneration             Chrm/Necr      #.........   100%        3    ####...
 Spectral Weapon          Hex/Chrm       #.......     100%        3    ####...
 Tukima's Dance           Hex            #.......     100%        3    ####...
 Vampiric Draining        Necr           #.........   100%        3    ####...
 Animate Dead             Necr           N/A          100%        4    #####..
 Olgreb's Toxic Radiance  Pois           #.......     100%        4    #####..
 Alistair's Intoxication  Tmut/Pois      #.......     100%        5    ######.
 Borgnjor's Vile Clutch   Necr/Erth      #.........   100%        5    ######.
 Silence                  Hex/Air        #.........   100%        5    ######.
 Venom Bolt               Conj/Pois      #.........   100%        5    ######.
 Darkness                 Hex            #.........   100%        6    #######
 Invisibility             Hex            #.......     100%        6    #######
 Shadow Creatures         Summ           N/A          100%        6    #######


Dungeon Overview and Level Annotations

Branches:
Dungeon (11/15)            Temple (1/1) D:5            Lair (5/6) D:10
  Swamp (0/4) Lair:4       Spider (0/4) Lair:2          Orc (0/2) D:10
Ossuary (visited)          Bailey (visited)
  Slime: Lair:5-6

Altars:
Ashenzari
Cheibriados
Dithmenos
Elyvilon
Fedhas
Gozag
Hepliaklqana
Kikubaaqudgha
Makhleb
Nemelex Xobeh
Okawaru
Qazlal
Ru
Sif Muna
Trog
Uskayaw
Vehumet
Wu Jian
Xom
Yredelemnul
Zin
The Shining One

Shops:
D:7 (

Annotations:
D:10 3 runed translucent doors, Sphyrna's ghost, novice GnWz
D:11 3 runed translucent doors
Lair:5 exclusion: 4 oklob plants


Innate Abilities, Weirdness & Mutations

You reflexively headbutt those who attack you in melee.
You have a pair of horns on your head.


Message History

You block the eight-headed hydra simulacrum's attack.
The eight-headed hydra simulacrum bites you but does no damage.
You block the eight-headed hydra simulacrum's attack. x2
The eight-headed hydra simulacrum bites you.
* * * LOW HITPOINT WARNING * * *
The eight-headed hydra simulacrum freezes you!!
* * * LOW HITPOINT WARNING * * *
The eight-headed hydra simulacrum misses you. x2
You lop one of the eight-headed hydra simulacrum's heads off!
You slash the seven-headed hydra simulacrum!
You melt the seven-headed hydra simulacrum.
You headbutt the seven-headed hydra simulacrum!!
The seven-headed hydra simulacrum is almost destroyed.
You block the seven-headed hydra simulacrum's attack. x2
The seven-headed hydra simulacrum bites you but does no damage.
The seven-headed hydra simulacrum misses you.
The seven-headed hydra simulacrum bites you.
* * * LOW HITPOINT WARNING * * *
The seven-headed hydra simulacrum freezes you!
You die...

....###...###......#.............
...##.......###....##.........P##
#..#...###....##...####<.....###
#..#..# #....#..#.##P.....#.#
##.#..# ..##...#....P###.....##
#..##.#.Z.?#...'.......#######
.#..#..k=.=#...'..........#
....#....$##...'Z........P##
...##....?#....#@#####.....#####
...#.....##....#.####PP.....#P.##
...#...###....##..##...........#.
...##........##..##....†.........
.>..# Zk...###...#.#............P
....## #####....................#
.....###........#.............P##
.........###..##..............P#
........## ####................##


You could see a seven-headed hydra simulacrum.

Vanquished Creatures
  The ghost of dricus the Warrior, a journeyman KoBe of Trog (Lair:5)
  Nessos (Lair:4)
  An ice dragon (Lair:5)
  Harold (D:7)
  3 hydras
  3 two-headed ogres
  Erica (D:8)
  An ugly thing (D:11)
  An orc sorcerer (D:10)
  A cyclops (D:10)
  A manticore (D:11)
  4 elephants
  Joseph (D:8)
  2 black mambas
  6 spiny frogs
  2 komodo dragons (Lair:2)
  4 rime drakes
  4 trolls
  A polar bear (Lair:4)
  A bog body (Lair:4)
  12 blink frogs
  7 dream sheep (Lair:5)
  8 hippogriffs
  A spriggan (Lair:4)
  Sigmund (D:5)
  4 wyverns
  28 yaks
  2 fire bats (Lair:4)
  A basilisk (Lair:5)
  2 hungry ghosts
  Menkaure (D:5)
  Edmund (D:5)
  6 water moccasins
  A hydra simulacrum (Lair:5)
  7 porcupines
  7 orc warriors
  3 black bears
  3 sky beasts
  5 phantoms
  7 ice beasts
  An eye of draining (D:11)
  5 necrophages
  A black mamba simulacrum (Lair:5)
  6 wolves
  4 ogres
  3 centaurs
  7 crocodiles
  An elf zombie (Ossuary)
  13 bullfrogs
  A wyvern zombie (D:9)
  A wyvern skeleton (D:7)
  A water moccasin zombie (D:8)
  6 scorpions
  A blink frog simulacrum (Lair:5)
  A troll zombie (D:10)
  A wight (D:8)
  A rime drake simulacrum (Lair:5)
  5 howler monkeys
  5 electric eels
  7 crimson imps
  A bullfrog zombie (D:6)
  A lava snake (Lair:2)
  A centaur zombie (D:7)
  9 hounds
  3 human zombies (Ossuary)
  6 orc priests
  4 bullfrog skeletons
  5 jellies
  2 centaur skeletons
  An iron imp (D:5)
  Jessica (D:3)
  4 iguanas
  10 worker ants
  5 orc wizards
  A killer bee zombie (D:8)
  A big kobold zombie (Ossuary)
  7 ogre zombies (D:10)
  2 hound zombies
  A hound skeleton (D:4)
  4 mummies (Ossuary)
  A howler monkey zombie (D:8)
  3 worker ant zombies
  Robin (D:3)
  8 gnolls
  A howler monkey skeleton (D:7)
  13 adders
  3 shadow imps
  An ooze (D:1)
  3 worms
  2 dart slugs
  A leopard gecko (D:1)
  25 orcs
  2 bats
  2 giant cockroaches
  A gnoll zombie (Ossuary)
  13 goblins
  8 hobgoblins
  18 jackals
  13 kobolds
  6 quokkas
  4 ball pythons
  2 frilled lizards
  7 goblin zombies
  2 hobgoblin skeletons (D:10)
  3 hobgoblin zombies
  A leopard gecko skeleton (D:7)
  2 orc skeletons (D:10)
  16 orc zombies
  A quokka skeleton (D:4)
  3 quokka zombies
  6 rats
  A fire vortex (Lair:2)
  A fungus (Lair:2)
461 creatures vanquished.

Vanquished Creatures (others)
  A phantom (D:8)
  A jackal (D:5)
  A quokka (D:4)
  4 plants
7 creatures vanquished.

Grand Total: 468 creatures vanquished

Notes
Turn   | Place    | Note
-------+----------+-------------------------------------------
     0 | D:1      | Peloso the Minotaur Fighter began the quest for the Orb.
     0 | D:1      | Reached XP level 1. HP: 19/19 MP: 0/0
   128 | D:1      | Reached XP level 2. HP: 25/27 MP: 1/1
   902 | D:2      | Reached XP level 3. HP: 33/33 MP: 2/2
   932 | D:2      | Reached skill level 3 in Long Blades
   942 | D:2      | You fall into a shaft and drop 1 floor!
   942 | D:3      | Noticed Robin
   993 | D:3      | Killed Robin
  1084 | D:3      | Reached XP level 4. HP: 30/41 MP: 3/3
  1104 | D:3      | Noticed Jessica
  1119 | D:3      | Killed Jessica
  1169 | D:3      | Reached skill level 5 in Shields
  1273 | D:3      | Found a shimmering altar of Xom.
  1829 | D:2      | Reached skill level 4 in Long Blades
  1829 | D:2      | Reached XP level 5. HP: 46/47 MP: 4/4
  2267 | D:2      | Found a burning altar of Makhleb.
  2268 | D:2      | Found a glowing golden altar of the Shining One.
  2372 | D:4      | Found a white marble altar of Elyvilon.
  2529 | D:4      | Found a sparkling altar of Nemelex Xobeh.
  2549 | D:4      | Reached skill level 1 in Dodging
  2707 | D:4      | Reached XP level 6. HP: 48/53 MP: 5/5
  2720 | D:4      | Reached skill level 5 in Long Blades
  2908 | D:5      | Entered Level 5 of the Dungeon
  2974 | D:5      | Reached skill level 5 in Fighting
  2974 | D:5      | Reached XP level 7. HP: 41/61 MP: 6/6
  2980 | D:5      | Reached skill level 6 in Long Blades
  2980 | D:5      | Reached skill level 5 in Armour
  3078 | D:5      | Noticed Menkaure
  3094 | D:5      | Killed Menkaure
  3100 | D:5      | Noticed Edmund
  3104 | D:5      | Killed Edmund
  3104 | D:5      | Reached skill level 7 in Long Blades
  3104 | D:5      | Reached XP level 8. HP: 25/69 MP: 7/7
  3131 | D:5      | Found a sand-covered staircase.
  3138 | Ossuary  | Entered an ossuary
  3646 | D:5      | Found a staircase to the Ecumenical Temple.
  3688 | Temple   | Entered the Ecumenical Temple
  3739 | Temple   | Became a worshipper of Warmaster Okawaru
  3812 | D:5      | Noticed Sigmund
  3821 | D:5      | Killed Sigmund
  3821 | D:5      | Reached skill level 8 in Long Blades
  3941 | D:5      | Found a snail-covered altar of Cheibriados.
  4068 | D:5      | Found a shadowy altar of Dithmenos.
  4125 | D:5      | Reached * piety under Okawaru
  4411 | D:6      | Found the +7 captain's cutlass {speed, disarm}
  4819 | D:7      | Reached XP level 9. HP: 78/78 MP: 8/8
  4832 | D:7      | Noticed Harold
  4839 | D:7      | Reached skill level 1 in Short Blades
  4853 | D:7      | Killed Harold
  4853 | D:7      | Reached ** piety under Okawaru
  4853 | D:7      | Reached skill level 9 in Long Blades
  4902 | D:7      | Found Lerghicwypa's Weapon Boutique.
  5143 | D:7      | Found an ancient bone altar of Kikubaaqudgha.
  5459 | D:7      | Reached *** piety under Okawaru
  5482 | D:7      | Reached skill level 5 in Short Blades
  5493 | D:7      | Reached XP level 10. HP: 86/88 MP: 7/9
  5702 | D:8      | Reached skill level 1 in Stealth
  5712 | D:8      | Reached **** piety under Okawaru
  6150 | D:8      | Noticed Erica
  6157 | D:8      | Killed Erica
  6157 | D:8      | Reached ***** piety under Okawaru
  6177 | D:8      | Found a flagged portal.
  6186 | Bailey   | Entered a bailey
  6377 | Bailey   | Found an iron altar of Okawaru.
  6509 | D:8      | Noticed Joseph
  6521 | D:8      | Killed Joseph
  6634 | D:8      | Reached XP level 11. HP: 97/97 MP: 10/10
  6775 | D:9      | Noticed a two-headed ogre
  6785 | D:9      | Killed a two-headed ogre
  6785 | D:9      | Reached skill level 10 in Shields
  7236 | D:9      | Noticed a two-headed ogre
  7241 | D:9      | Killed a two-headed ogre
  7241 | D:9      | Reached skill level 10 in Long Blades
  7378 | D:9      | Received a gift from Okawaru
  7644 | D:10     | Entered Level 10 of the Dungeon
  7702 | D:10     | Found a staircase to the Orcish Mines.
  7702 | D:10     | Noticed an orc sorcerer
  7730 | D:10     | Killed an orc sorcerer
  7836 | D:10     | Found a runed translucent gate.
  7836 | D:10     | Found a runed translucent gate.
  7837 | D:10     | Found a runed translucent gate.
  7934 | D:10     | Found an opulent altar of Gozag.
  7941 | D:10     | Reached skill level 10 in Fighting
  7975 | D:10     | Noticed Sphyrna's ghost (novice GnWz)
  8111 | D:10     | Reached skill level 11 in Long Blades
  8302 | D:10     | Found a staircase to the Lair.
  8933 | D:11     | Noticed a two-headed ogre
  8939 | D:11     | Killed a two-headed ogre
  9101 | D:11     | Noticed a green ugly thing
  9106 | D:11     | Killed a green ugly thing
  9106 | D:11     | Reached XP level 12. HP: 102/110 MP: 11/11
  9325 | D:11     | Found a runed translucent gate.
  9325 | D:11     | Found a runed translucent gate.
  9326 | D:11     | Found a runed translucent gate.
  9694 | Lair:1   | Entered Level 1 of the Lair of Beasts
  9698 | Lair:1   | Reached skill level 10 in Armour
 10005 | Lair:1   | Reached ****** piety under Okawaru
 10048 | Lair:1   | Reached skill level 12 in Long Blades
 10538 | Lair:2   | Received a gift from Okawaru
 10609 | Lair:2   | Found a hole to the Spider Nest.
 11263 | Lair:2   | Noticed a four-headed hydra
 11269 | Lair:2   | Killed a one-headed hydra
 11638 | Lair:3   | Noticed a five-headed hydra
 11647 | Lair:3   | Killed a one-headed hydra
 11657 | Lair:3   | Reached skill level 13 in Long Blades
 12407 | Lair:4   | Reached XP level 13. HP: 118/119 MP: 12/12
 12497 | Lair:4   | Noticed Nessos
 12513 | Lair:4   | Killed Nessos
 12811 | Lair:4   | Found a staircase to the Swamp.
 13208 | Lair:4   | Received a gift from Okawaru
 13214 | Lair:4   | Got a faintly glowing short sword {god gift}
 13215 | Lair:4   | Identified the +4 short sword "Yhyffifonk" {drain, rElec
                  | SInv} (Okawaru gifted it to you on level 4 of the Lair of
                  | Beasts)
 13268 | Lair:5   | Found a runed translucent gate.
 13268 | Lair:5   | Found a runed translucent gate.
 13268 | Lair:5   | Found a runed translucent gate.
 13671 | Lair:5   | Noticed dricus's ghost (journeyman KoBe)
 14130 | Lair:5   | Reached skill level 14 in Long Blades
 14369 | Lair:5   | Killed dricus's ghost
 14378 | Lair:5   | Slain by a seven-headed hydra simulacrum

Skill      XL: |  1  2  3  4  5  6  7  8  9 10 11 12 13 |
---------------+----------------------------------------+-----
Shields        | 4 5 6 7 8 9 11 12 13 | 13.3
Armour         | 4 5 6 7 8 9 11 12 | 12.2
Fighting       | 4 5 6 7 9 11 12 13 | 13.2
Long Blades    | 3 4 5 7 8 9 11 13 14 | 14.2
Dodging        | 1 2 3 4 |  4.9
Short Blades   | 5 8 9 |  9.3
Stealth        | 1 |  1.4
Invocations    | |  0.2
Evocations     | |  0.3

Action                   |  1- 3 |  4- 6 |  7- 9 | 10-12 | 13-15 || total
-------------------------+-------+-------+-------+-------+-------++-------
Melee: Long sword        |   102 |   142 |   154 |       |       ||   398
       Headbutt          |    20 |    31 |    57 |   163 |    39 ||   310
       Cutlass           |       |       |    92 |   153 |       ||   245
       Scimitar          |       |       |       |   428 |   152 ||   580
Invok: Heroism           |       |       |       |       |     1 ||     1
Evoke: Wand              |       |       |     3 |     5 |       ||     8
  Use: Scroll            |       |     8 |     4 |    10 |       ||    22
       Potion            |       |     5 |     3 |     2 |     2 ||    12
  Eat: Chunk             |     1 |     5 |     9 |    20 |     6 ||    41
       Ration            |       |       |       |     1 |       ||     1
Armor: Scale mail        |    58 |    58 |   109 |    34 |       ||   259
       Plate armour      |       |       |       |   197 |    86 ||   283
Dodge: Dodged            |    26 |    36 |    84 |   173 |    58 ||   377
Block: Shield            |    55 |    87 |   121 |   363 |   104 ||   730
       Rpst.: Long sword |     7 |     6 |    20 |       |       ||    33
       Scimitar          |       |       |       |    28 |    14 ||    42
